 Dungeon Crawl Stone Soup version 0.31-a0-833-gc15d34cb79 (webtiles) character file.

Game seed: 12126548106528905802

297 avis the Scratcher (level 6, -5/25 HPs)
             Began as a Felid Shapeshifter on Sept 26, 2023.
             Slain by Eustachio
             ... wielding a +0 rapier of venom
              (10 damage)
             ... on level 4 of the Dungeon.
             The game lasted 00:13:38 (3584 turns).

avis the Scratcher (Felid Shapeshifter)             Turns: 3584, Time: 00:13:39

Health: -5/25      AC:  2    Str: 12    XL:     6   Next: 12%
Magic:  7/7        EV: 17    Int: 12    God:
Gold:   158        SH:  0    Dex: 15    Spells: 5/5 levels left
                                        Lives:  0   Deaths: 2

rFire   . .          .
                       - Unarmed
rCold   + . .        (shield unavailable)
rNeg    . . .        (body armour unavailable)
rPois   .            (helmet unavailable)
rElec   .            (cloak unavailable)
rCorr   .            (gloves unavailable)
SInv    +            (boots unavailable)
Will    .....        (no amulet)
Stlth   ++           l - ring of protection from cold
HPRegen 0.24/turn    (no ring)
MPRegen 0.10/turn

%: no passive effects
@: lethally poisoned (-5 -> -10), beast-form, quick
A: beast (slay +2), very small, claws 1, fangs 3, see invisible, speed 1, shaggy
fur 2, stealthy paws, no weapons or thrown items, no armour, multi-lived
a: Begin Untransformation


You were on level 4 of the Dungeon.
You were a hulking beast.
You visited 1 branch of the dungeon, and saw 4 of its levels.

You collected 158 gold pieces.

Inventory:

Jewellery
 l - a ring of protection from cold (left paw)
Talismans
 b - a beast talisman (active)
 c - a flux talisman
Scrolls
 g - a scroll of enchant weapon {unknown}
 i - 4 scrolls of identify {unknown}
 k - a scroll of fear {unknown}
 m - a scroll of enchant armour {unknown}
Potions
 a - a potion of enlightenment
 d - a potion of haste {unknown}
 e - a potion of cancellation {unknown}
 f - a potion of heal wounds {unknown}
 h - 2 potions of might {unknown}
 j - a potion of magic {unknown}


   Skills:
 - Level 1.0 Fighting
 - Level 2.6 Dodging
 - Level 1.0 Stealth
 - Level 6.0 Unarmed Combat
 * Level 4.7 Shapeshifting


You had 5 spell levels left.
You didn't know any spells.
Your spell library was empty.

Dungeon Overview and Level Annotations

Branches:
Dungeon (4/15)
 Temple: D:4-7

Altars:

Shops:
D:3 (   D:4 [=?:

Annotations:
D:2 Sigmund
D:4 exclusions: ball python and scorpion, Blork the orc, Eustachio


Innate Abilities, Weirdness & Mutations

You are a hulking beast.
Your limbs bulge with bestial killing power. (Slay +2)
You have sharp claws.
You have razor-sharp teeth.
You have supernaturally acute eyesight. (SInv)
You cover ground quickly. (Speed+)
You are covered in thick fur. (AC +2)
Your paws help you pounce on unaware monsters.
You are incapable of wielding weapons or throwing items.
You cannot wear armour.
You gain extra lives every three experience levels.


Message History

There is an open door here.
Things that are here:
a +0 short sword; a +0 scale mail
Items here: )) [ รทรท.
You see here a +0 dagger.
There is a stone staircase leading up here.
Partly explored, can't reach some places.
Press: ? - help, . - travel You can't see that place. [the floor.] Reduced exclusion size to a single square.
Removed exclusion.
The helpless Eustachio fails to defend himself.
You claw Eustachio! You bite Eustachio, but do no damage.
Eustachio is heavily wounded.
Eustachio hits you with a +0 rapier of venom!
You are lethally poisoned!
You scratch Eustachio.
Eustachio is heavily wounded.
You feel very sick.
You scratch Eustachio.
Eustachio is severely wounded.
You feel sick. Eustachio closely misses you.
You claw Eustachio!
Eustachio is almost dead.
* * * LOW HITPOINT WARNING * * *
You feel very sick. Eustachio closely misses you.
You closely miss Eustachio.
Eustachio is almost dead.
* * * LOW HITPOINT WARNING * * *
You feel sick. Eustachio misses you.
You closely miss Eustachio.
Eustachio is almost dead.
* * * LOW HITPOINT WARNING * * *
You feel sick.
Eustachio screams, "At last I'll have my revenge!"
Eustachio hits you with a +0 rapier of venom!
You die...
Eustachio twirls his moustache.

## ### #############.# #.###
#........#..h.# #.#..
#.#####.##.##@###########.#.#
#####.#####.##.# .............#.#
.........##.##.# ############.#.#
#####.##.##.##.##############.#.#
....#.##.##...>...............#.#
.##.#.##.#####.############......
.#..#............................
.#...............................


You could see Eustachio.

Vanquished Creatures
  A hound (D:3)
  3 orc priests
  An iguana (D:4)
  An orc wizard (D:3)
  Robin (D:4)
  4 adders
  A worm (D:3)
  2 dart slugs (D:4)
  9 orcs
  5 endoplasms
  4 giant cockroaches
  9 hobgoblins
  4 kobolds
  4 quokkas
  A ball python (D:4)
  2 bats
  A frilled lizard (D:1)
  13 goblins
  9 rats
75 creatures vanquished.

Notes
Turn   | Place    | Note
-------+----------+-------------------------------------------
     0 | D:1      | avis the Felid Shapeshifter began the quest for the Orb.
     0 | D:1      | Reached XP level 1. HP: 9/9 MP: 2/2
   325 | D:1      | Reached XP level 2. HP: 12/12 MP: 3/3
   859 | D:2      | Reached skill level 4 in Unarmed Combat
   859 | D:2      | Reached skill level 1 in Stealth
   952 | D:2      | Noticed Sigmund
  1093 | D:3      | Reached XP level 3. HP: 11/15 MP: 4/4
  1484 | D:3      | Reached skill level 5 in Unarmed Combat
  1484 | D:3      | Reached XP level 4. HP: 13/19 MP: 5/5
  1824 | D:3      | Found Hodghufy's Weapon Emporium.
  1932 | D:4      | Noticed a scorpion
  1977 | D:4      | HP: 1/28 [quokka (4)]
  1978 | D:4      | Succumbed to an adder's poison
  2083 | D:4      | Noticed Blork the orc
  2173 | D:4      | Noticed Eustachio
  2197 | D:4      | Reached XP level 5. HP: 19/22 MP: 6/6
  2239 | D:4      | Found Bif Hiur's Armour Emporium.
  2239 | D:4      | Found Ussusupp's Magic Scroll Emporium.
  2268 | D:4      | Found Anuirche's Jewellery Emporium.
  2269 | D:4      | Found Kovvag's Book Emporium.
  2306 | D:4      | Reached skill level 6 in Unarmed Combat
  2700 | D:4      | Noticed Robin
  2723 | D:4      | Killed Robin
  2959 | D:4      | Gained mutation: You are covered in thick fur. (AC +2)
                  | [Felid growth]
  2959 | D:4      | Reached XP level 6. HP: 12/25 MP: 7/7
  2959 | D:4      | Killed from afar by an orc priest
  3025 | D:4      | HP: 1/25 [orc priest/divine providence (12)]
  3584 | D:4      | Slain by Eustachio

Illustrated notes

Levels and vault maps discovered:
D:1:      lemuel_arrival_room, layout_basic, kennysheep_pointless_box
D:2:      cheibrodos_fertilizer, layout_loops_ring, serial_forest,
          infiniplex_forest_straight_4, infiniplex_forest_lined_room_2,
          infiniplex_forest_clump_long, infiniplex_forest_clump_curved,
          hex_medium, uniq_sigmund, uniq_crazy_yiuf_cottage
D:3:      layout_loops_ring, serial_shops, shop, st_stairs_12
D:4:      layout_basic, minmay_shop_grid_forest, corexii_shack,
          kennysheep_small_spiral, grunt_ministairs_3, uniq_eustachio,
          uniq_blork_the_orc, uniq_robin

Skill      XL: |  1  2  3  4  5 |
---------------+----------------+-----
Unarmed Combat | 4 5 6 |  6.0
Stealth        | 1 |  1.0
Shapeshifting  | 4 |  4.7
Fighting       | |  1.0
Dodging        | |  2.6

Action                     |  1- 3 |  4- 6 || total
---------------------------+-------+-------++-------
  Melee: Unarmed           |    91 |   107 ||   198
         Bite              |     7 |     5 ||    12
         Punch             |       |     3 ||     3
    Use: Potion            |       |     2 ||     2
   Stab: Sleeping          |     6 |     3 ||     9
         Distracted        |       |     1 ||     1
 Armour: Skin              |    19 |    34 ||    53
  Dodge: Dodged            |    52 |    60 ||   112

Table legend: (Time is in decaauts)
 A = Elapsed time spent in this place.
 B = Non-inter-level travel time spent in this place.
 C = Inter-level travel time spent in this place.
 D = Time resting spent in this place.
 E = Time spent auto-exploring this place.
 F = Levels seen in this place.
 G = Mean time per level.
                   A        B        C        D        E       F      G
               +--------+--------+--------+--------+--------+-----+--------+
         Total |   2988 |   2798 |    190 |    359 |   1831 |   4 |  747.0 |
       Dungeon |   2988 |   2798 |    190 |    359 |   1831 |   4 |  747.0 |
               +--------+--------+--------+--------+--------+-----+--------+

Top non-repeatable levels by time:
     D:4: 1359 daAuts
     D:1: 795 daAuts
     D:3: 724 daAuts
     D:2: 109 daAuts
